[Event "Early-Titled-Tuesday-Blitz-April-16-2024"]
[Site "Chess.com"]
[Date "2024.04.16"]
[Round "2"]
[White "amanjazu"]
[Black "IM_ArthurDW08"]
[Result "1-0"]
[WhiteElo "2532"]
[BlackElo "2737"]
[TimeControl "180+1"]
[EndTime "8:16:12 PDT"]
[Termination "amanjazu won by resignation"]

1. g3 f5 2. f4 d6 3. Nf3 g6 4. Bg2 Bg7 5. O-O Nc6 6. d3 Nf6 7. Nc3 O-O 8. e4 Kh8 9. Kh1 Rb8 10. a4 a6 11. a5 e6 12. Be3 Bd7 13. Re1 fxe4 14.
dxe4 e5 15. fxe5 Nxe5 16. Nxe5 dxe5 17. Bg5 Qe8 18. Rf1 c6 19. Qd6 Nh5 20. Be7 Rxf1+ 21. Rxf1 Rc8 22. Na4 1-0

[Event "Early-Titled-Tuesday-Blitz-April-16-2024"]
[Site "Chess.com"]
[Date "2024.04.16"]
[Round "2"]
[White "Matibar"]
[Black "noblerone"]
[Result "1-0"]
[WhiteElo "2822"]
[BlackElo "2564"]
[TimeControl "180+1"]
[EndTime "8:16:13 PDT"]
[Termination "Matibar won on time"]

1. e4 c5 2. Nf3 e6 3. g3 Nc6 4. Bg2 Nf6 5. e5 Ng4 6. Qe2 Qc7 7. d4 cxd4 8. Bf4 Qb6 9. O-O Qxb2 10. Nbd2 Qxc2 11. Rfc1 Qa4 12. Ng5 h5 13. h3 Nh6 14.
Nge4 Nf5 15. Nc4 b5 16. Ncd6+ Nxd6 17. exd6 Qa5 18. Rc5 Qb6 19. Rxh5 d3 20. Rxh8 dxe2 21. Nf6+ gxf6 22. Bh6 1-0

[Event "Early-Titled-Tuesday-Blitz-April-16-2024"]
[Site "Chess.com"]
[Date "2024.04.16"]
[Round "2"]
[White "GelmanAlexander"]
[Black "a-z30"]
[Result "1-0"]
[WhiteElo "2685"]
[BlackElo "2389"]
[TimeControl "180+1"]
[EndTime "8:16:13 PDT"]
[Termination "GelmanAlexander won on time"]

1. c4 e6 2. Nf3 d5 3. d3 Nf6 4. Nbd2 c5 5. e3 Nc6 6. a3 Be7 7. b3 O-O 8. Bb2 dxc4 9. bxc4 b6 10. Qc2 Bb7 11. Rg1 Nd7 12. g4 Bf6 13.
g5 Bxb2 14. Qxb2 Qc7 15. h4 Nce5 16. Be2 Nxf3+ 17. Bxf3 Rad8 18. Bxb7 Qxb7 19. h5 Qc7 20. f4 e5 21. f5 f6 22. Ne4 Kh8 23. Ke2 Qc6 24.
Raf1 fxg5 25. Nxg5 Rde8 26. h6 Qf6 27. hxg7+ Qxg7 28. Ne6 Qh6 29. Nxf8 Qh2+ 30. Rf2 Qxg1 31. Nxd7 h5 32.
Nxe5 Kh7 33. f6 1-0

[Event "Early-Titled-Tuesday-Blitz-April-16-2024"]
[Site "Chess.com"]
[Date "2024.04.16"]
[Round "2"]
[White "FREZZY23"]
[Black "UnTucopalaTimba"]
[Result "1-0"]
[WhiteElo "2435"]
[BlackElo "1998"]
[TimeControl "180+1"]
[EndTime "8:16:13 PDT"]
[Termination "FREZZY23 won by resignation"]

1. Nf3 d5 2. g3 Nf6 3. Bg2 e6 4. O-O c5 5. d4 Nc6 6. c4 dxc4 7. Qa4 cxd4 8. Nxd4 Bd7 9. Nxc6 bxc6 10. Bxc6 Rc8 11. Bxd7+ Qxd7 12. Qxd7+ Kxd7 13. Nc3 Bc5 14. Rd1+ Ke7 15.
Bg5 h6 16. Bxf6+ gxf6 17. Rac1 Rhd8 18. Rxd8 Kxd8 19. Ne4 Be7 20. Nd2 c3 21. Rxc3 Rb8 22. b3 Bb4 23. Rd3+ Ke7 24. Nc4 Bc5 25. Kg2 Rc8 26. f4 h5 27. Kf3 Rc6 28. e4 Ra6 29. a4 Bb4 30. e5 Rc6 31. Ke4 f5+ 32. Kf3 Rc8 33. Kg2 Rg8 34. Kh3 Rg4 35. Nd6 f6 36.
Nc8+ Kf7 37. exf6 Kxf6 38. Nxa7 h4 39. Nc6 Be1 40. Ne5 Rg8 41. Rd7 Rg7 42. Rxg7 Kxg7 43.
Nc6 hxg3 44. hxg3 Kf6 45. b4 Kf7 46. a5 Ke8 47. a6 Kd7 48. a7 1-0

[Event "Early-Titled-Tuesday-Blitz-April-16-2024"]
[Site "Chess.com"]
[Date "2024.04.16"]
[Round "2"]
[White "NikFil2013"]
[Black "SmirnovTimofey2000"]
[Result "0-1"]
[WhiteElo "2416"]
[BlackElo "1966"]
[TimeControl "180+1"]
[EndTime "8:16:15 PDT"]
[Termination "SmirnovTimofey2000 won by resignation"]

1. d4 d5 2. c4 c6 3. cxd5 cxd5 4. Bf4 Nc6 5. e3 Nf6 6. Nc3 Bg4 7. Qb3 Qb6 8. Qa4 a6 9. b3 e6 10. Bd3 Be7 11.
Nge2 O-O 12. O-O Rac8 13. Rac1 Qb4 14. Qxb4 Nxb4 15. Bb1 Rc6 16. a3 Bxe2 17. Nxe2 Rxc1 18. Rxc1 Nc6 19. b4 Rc8 20. h3 b5 21. Rc3 Na7 22.
Rxc8+ Nxc8 23. Bc7 Kf8 24. Nc1 Ke8 25. Nd3 Kd7 26. Bh2 Ne4 27. Ne5+ Ke8 28. Bxe4 dxe4 29. Nc6 Nd6 30. Nxe7 Kxe7 31. Kf1 Nc4 32. Bc7 Nxa3 33. Ke2 Nc2 34. Kf1 Nxb4 35. Ke2 Nd5 36. Kd2 Nxc7 37.
Ke2 Kd6 0-1

[Event "Early-Titled-Tuesday-Blitz-April-16-2024"]
[Site "Chess.com"]
[Date "2024.04.16"]
[Round "2"]
[White "SkinnyPuppy8"]
[Black "Eloist"]
[Result "0-1"]
[WhiteElo "2213"]
[BlackElo "2494"]
[TimeControl "180+1"]
[EndTime "8:16:16 PDT"]
[Termination "Eloist won by resignation"]

1. e4 e6 2. d3 d5 3. Nd2 Nf6 4. Ngf3 b6 5. g3 dxe4 6. Ng5 exd3 7. Bg2 c6 8. O-O Be7 9. Nc4 dxc2 10. Qxc2 h6 11.
Rd1 Nd5 12. Nxf7 Kxf7 13. Ne5+ Kg8 14. Qg6 Qf8 15. Bh3 Bf6 16. Bf4 Bxe5 17. Bxe5 Qf7 18. Qg4 Nd7 19. Bd4 e5 20. Be3 N7f6 21. Qxc8+ Rxc8 22. Bxc8 Kh7 23. Bd2 Rxc8 0-1

[Event "Early-Titled-Tuesday-Blitz-April-16-2024"]
[Site "Chess.com"]
[Date "2024.04.16"]
[Round "2"]
[White "the_chess_child"]
[Black "flawian2008"]
[Result "1-0"]
[WhiteElo "2819"]
[BlackElo "2562"]
[TimeControl "180+1"]
[EndTime "8:16:17 PDT"]
[Termination "the_chess_child won by resignation"]

1. e4 c5 2. Nf3 Nc6 3. d3 g6 4. g3 Bg7 5. Bg2 d6 6. O-O Nf6 7. Re1 O-O 8. h3 Rb8 9. c3 b5 10. d4 cxd4 11. cxd4 Bb7 12. Bg5 h6 13. Bf4 Nd7 14.
Qd2 Kh7 15. Nc3 b4 16. Nd5 e6 17. Nxb4 Nxb4 18. Qxb4 Bxe4 19. Qa3 Bxf3 20. Bxf3 Bxd4 21. Rad1 e5 22. Rxd4 exd4 23. Bxd6 Re8 24. Rxe8 Qxe8 25. Bxb8 Qxb8 26. Qe7 Ne5 27. Bd1 Kg8 28. f4 d3 29.
Qxe5 Qb6+ 30. Kg2 Qc6+ 31. Kf2 Qc1 32. Bb3 Qd2+ 33. Kf3 Kh7 34. Qe7 1-0

[Event "Early-Titled-Tuesday-Blitz-April-16-2024"]
[Site "Chess.com"]
[Date "2024.04.16"]
[Round "2"]
[White "lamomiajunior"]
[Black "Levanzovsky"]
[Result "1-0"]
[WhiteElo "2744"]
[BlackElo "2488"]
[TimeControl "180+1"]
[EndTime "8:16:17 PDT"]
[Termination "lamomiajunior won by resignation"]

1. d4 Nf6 2. c4 e6 3. Nc3 Bb4 4. f3 c5 5. d5 d6 6. e4 b5 7. Bd2 bxc4 8. Bxc4 O-O 9. Nge2 Ba6 10. Bxa6 Nxa6 11.
O-O exd5 12. exd5 Nc7 13. Nf4 Qd7 14. Ne4 Nfxd5 15. Bxb4 Nxb4 16. a3 Nc6 17. Nxc5 Qe7 18. Ne4 Rad8 19. Nd5 Nxd5 20. Qxd5 Ne5 21. Rfe1 h6 22.
Rad1 Rfe8 23. Nxd6 Qg5 24. Kh1 Re6 25. Qc5 Nxf3 26. Qxg5 Nxg5 27. Nb5 Rxe1+ 28. Rxe1 Rd2 29. Rb1 a6 30. Nc7 a5 31. b4 a4 32. b5 Ne4 33. b6 Nc3 34. b7 1-0

[Event "Early-Titled-Tuesday-Blitz-April-16-2024"]
[Site "Chess.com"]
[Date "2024.04.16"]
[Round "2"]
[White "Shivananda1964"]
[Black "jaskol95"]
[Result "0-1"]
[WhiteElo "2337"]
[BlackElo "2540"]
[TimeControl "180+1"]
[EndTime "8:16:17 PDT"]
[Termination "jaskol95 won by resignation"]

1. e4 e6 2. d4 d5 3. Nd2 Be7 4. c3 c5 5. Ngf3 Nf6 6. e5 Nfd7 7. Be2 b6 8. Nf1 Ba6 9. Bxa6 Nxa6 10. a3 O-O 11.
Ne3 f6 12. exf6 Bxf6 13. O-O Nc7 14. Ng4 cxd4 15. Nxd4 Nc5 16. Re1 Qd6 17. Nxf6+ Rxf6 18. Bg5 Rg6 19. Bh4 Rf8 20. Bg3 Qd7 21. Qe2 Ne4 22.
Bxc7 Qxc7 23. f3 Ng5 24. h4 Nh3+ 25. Kh1 Nf4 26. Qe5 Qe7 27. h5 Qh4+ 0-1

[Event "Early-Titled-Tuesday-Blitz-April-16-2024"]
[Site "Chess.com"]
[Date "2024.04.16"]
[Round "2"]
[White "Elnaz_Kaliakhmet"]
[Black "Szparu"]
[Result "0-1"]
[WhiteElo "2569"]
[BlackElo "2831"]
[TimeControl "180+1"]
[EndTime "8:16:18 PDT"]
[Termination "Szparu won by resignation"]

1. e4 e6 2. d4 d5 3. Nd2 c5 4.
exd5 exd5 5. dxc5 Bxc5 6. Ngf3 Nc6 7. Bb5 Bxf2+ 8. Kxf2 Qb6+ 9. Kg3 Qxb5 10. Re1+ Nge7 11.
a4 Qb6 12. Nb3 O-O 13. Be3 Qc7+ 14. Kf2 Bg4 15. h3 Bh5 16. Nbd4 Rad8 17. c3 Rfe8 18.
Nb5 Qb8 19. a5 Nf5 20. Bc5 Qg3+ 21. Kg1 a6 22. Nbd4 Ncxd4 23. Bxd4 Nh4 24. Rxe8+ Rxe8 25. Nxh4 Bxd1 26. Rxd1 Re1+ 27. Rxe1 Qxe1+ 28. Kh2 Qxh4 29. b4 Qe4 30. Bc5 f5 31. Bd4 f4 32. Bc5 g5 33.
Bd4 Kf7 34. Bh8 Kg6 35. Bd4 h5 36. Bh8 h4 37. Bd4 Kf5 38. Bh8 Qe2 39. Bd4 Ke4 40.
Bf6 f3 0-1

[Event "Early-Titled-Tuesday-Blitz-April-16-2024"]
[Site "Chess.com"]
[Date "2024.04.16"]
[Round "2"]
[White "bubeliang"]
[Black "santosalberto1987"]
[Result "1/2-1/2"]
[WhiteElo "2785"]
[BlackElo "2561"]
[TimeControl "180+1"]
[EndTime "8:16:18 PDT"]
[Termination "Game drawn - insufficient material"]

1. e4 e6 2. b3 d5 3. Bb2 dxe4 4. Nc3 Nf6 5. Qe2 Bb4 6. g3 b6 7. Bg2 Bb7 8. Nh3 O-O 9. O-O Nbd7 10. Nxe4 Nxe4 11. Bxe4 Bxe4 12. Qxe4 Be7 13. Nf4 Bf6 14. d4 c5 15. Rad1 Qc7 16. Rfe1 Rfd8 17. c4 Bxd4 18.
Bxd4 cxd4 19. Qxd4 Nf6 20. Qe3 h6 21. Qf3 Rac8 22. Ng2 Rxd1 23. Rxd1 Rd8 24. Ne3 Rxd1+ 25. Qxd1 Qd7 26. Qxd7 Nxd7 27. Nc2 Kf8 28. Nd4 a5 29.
Kf1 Ke7 30. Ke2 g6 31. a3 e5 32. Nc2 Kd6 33. b4 axb4 34. axb4 f5 35. Ne3 Nf6 36. f3 Ke6 37. Kd3 Kd6 38. Nd1 e4+ 39. fxe4 Nxe4 40.
Kd4 Nf6 41. Ne3 Ke6 42. c5 bxc5+ 43. bxc5 g5 44. c6 f4 45. gxf4 gxf4 46. c7 Kd7 47. Nf1 Kxc7 48. Ke5 Ng4+ 49. Kxf4 Nxh2 50. Nxh2 Kd6 51.
Nf1 Kd5 52. Ne3+ Kd4 53. Kf3 h5 54. Nf1 h4 55. Nh2 h3 56. Ke2 Ke4 57. Kd2 Kf4 58. Ke2 Kg3 59. Nf1+ Kg2 60. Ne3+ Kg1 61. Ng4 h2 62.
Nxh2 1/2-1/2

[Event "Early-Titled-Tuesday-Blitz-April-16-2024"]
[Site "Chess.com"]
[Date "2024.04.16"]
[Round "2"]
[White "PositionalPanther"]
[Black "Acva-Alenok"]
[Result "1-0"]
[WhiteElo "2522"]
[BlackElo "2298"]
[TimeControl "180+1"]
[EndTime "8:16:18 PDT"]
[Termination "PositionalPanther won on time"]

1. Nf3 Nf6 2. g3 d5 3. Bg2 c6 4. b3 Bg4 5. Bb2 Nbd7 6. O-O e6 7. c4 Bd6 8. cxd5 exd5 9. h3 Bh5 10. d3 O-O 11.
Nbd2 Re8 12. Re1 a5 13. Qc2 Bg6 14. Nh4 a4 15. Nxg6 hxg6 16. e4 Qb6 17. exd5 cxd5 18. Rxe8+ Rxe8 19. d4 a3 20. Bc3 Rc8 21. Qd3 Qa6 22. Qf3 Ne4 23. Nxe4 dxe4 24. Qe3 Nf6 25. Be1 Rc2 26. g4 Qd3 27. g5 Qxe3 28. fxe3 1-0

[Event "Early-Titled-Tuesday-Blitz-April-16-2024"]
[Site "Chess.com"]
[Date "2024.04.16"]
[Round "2"]
[White "tarno17"]
[Black "Viktoker"]
[Result "0-1"]
[WhiteElo "2130"]
[BlackElo "2449"]
[TimeControl "180+1"]
[EndTime "8:16:18 PDT"]
[Termination "Viktoker won on time"]

1. e4 c6 2. d4 d5 3. Nc3 dxe4 4. Nxe4 Nf6 5. Ng5 c5 6. Nxf7 Kxf7 7. Nf3 e6 8. Bd3 Nc6 9. c3 cxd4 10. O-O Bd6 11.
Ng5+ Kg8 12. Qf3 Ne5 13. Qh3 Nxd3 14. Qxd3 h6 15. Nf3 e5 16. Nh4 e4 17. Qc4+ Kh7 18. cxd4 Ng4 19. g3 Nxh2 20. Qf7 Nf3+ 21. Nxf3 exf3 22.
Qxf3 Qf6 23. Qe4+ Bf5 24. Qxb7 Rab8 25. Qd5 Rhd8 26. Qc4 Be4 27. Be3 Qf3 0-1

[Event "Early-Titled-Tuesday-Blitz-April-16-2024"]
[Site "Chess.com"]
[Date "2024.04.16"]
[Round "2"]
[White "Matols"]
[Black "Alexei_Gubajdullin"]
[Result "0-1"]
[WhiteElo "2363"]
[BlackElo "2634"]
[TimeControl "180+1"]
[EndTime "8:16:20 PDT"]
[Termination "Alexei_Gubajdullin won on time"]

1. d4 Nf6 2. c4 g6 3. g3 Bg7 4. Bg2 O-O 5. Nc3 d6 6. Nf3 Nbd7 7.
O-O e5 8. e4 c6 9. h3 a5 10.
Re1 Re8 11. Rb1 exd4 12. Nxd4 Nc5 13. Bf4 Qb6 14. Bxd6 Rd8 15. e5 Ne8 16. Nde2 Bf5 17. Rc1 Nxd6 18. exd6 Nd3 19. c5 Qxc5 20. Ne4 Qb5 21. a4 Qa6 22. Nc5 Nxc5 23. Rxc5 Bf8 24. Qc1 Rxd6 25. Nf4 Qb6 26. Rc3 Bg7 27. Rce3 Rdd8 28.
b3 Bd4 29. Re7 Bxf2+ 30. Kh2 Bxe1 31. Qxe1 Qxb3 32. Qe5 Qb4 33. Nh5 gxh5 34. Qxf5 Qxe7 0-1

[Event "Early-Titled-Tuesday-Blitz-April-16-2024"]
[Site "Chess.com"]
[Date "2024.04.16"]
[Round "2"]
[White "Heinza9"]
[Black "HeroWilczek"]
[Result "0-1"]
[WhiteElo "2322"]
[BlackElo "2601"]
[TimeControl "180+1"]
[EndTime "8:16:20 PDT"]
[Termination "HeroWilczek won on time"]

1. e4 e6 2. c4 d5 3. cxd5 exd5 4.
exd5 Nf6 5. Bb5+ Nbd7 6. Nc3 a6 7. Bc4 Nb6 8. Bb3 Nfxd5 9. d4 Be7 10. Nge2 O-O 11. O-O Bf5 12. Ng3 Bg6 13. f4 f6 14.
a4 Bf7 15. a5 Nc8 16. Nf5 Nxc3 17. bxc3 Nd6 18. Nxe7+ Qxe7 19. Ba3 Qe3+ 20. Kh1 Qxc3 21. Bxf7+ Rxf7 22. Rf3 Qc4 23. Rc1 Qe6 24. d5 Qe4 25. Qb3 Re8 26. h3 h5 27. h4 Nf5 28. d6 cxd6 29.
Rd1 Nxh4 30. Rf2 Qe3 0-1

[Event "Early-Titled-Tuesday-Blitz-April-16-2024"]
[Site "Chess.com"]
[Date "2024.04.16"]
[Round "2"]
[White "Yan_Dyomin2010"]
[Black "FabianoCaruana"]
[Result "0-1"]
[WhiteElo "2647"]
[BlackElo "3089"]
[TimeControl "180+1"]
[EndTime "8:16:21 PDT"]
[Termination "FabianoCaruana won by resignation"]

1. e4 g6 2. d4 Bg7 3. Nf3 d6 4. h3 Nf6 5. Nc3 O-O 6. Be3 Nc6 7. Bb5 a6 8. Bxc6 bxc6 9. Qd2 a5 10. Bh6 Bb7 11. Bxg7 Kxg7 12. O-O-O c5 13. dxc5 Bxe4 14. Nxe4 Nxe4 15. Qd4+ Nf6 16. h4 Qb8 17. h5 Qb4 18. cxd6 cxd6 19. h6+ Kg8 20. Rhe1 Qxd4 21. Rxd4 Rfe8 22.
Nd2 d5 23. Re5 e6 24. c4 Kf8 25. g4 Rec8 26. Kb1 a4 27. g5 Nd7 28. Re1 Nb6 29.
Rc1 Ke7 30. f4 Rc5 31. b4 axb3 32. axb3 Rca5 33. c5 Nd7 34. b4 Ra4 35. c6 Nb6 36. Kb2 Ra2+ 37. Kb1 Kd6 38. Ne4+ Kc7 39. Nc3 Ra1+ 40. Kc2 Rxc1+ 41. Kxc1 Kxc6 42. Nd1 Nc4 43. Nf2 Ra1+ 0-1

[Event "Early-Titled-Tuesday-Blitz-April-16-2024"]
[Site "Chess.com"]
[Date "2024.04.16"]
[Round "2"]
[White "Andrei_Skvortsov"]
[Black "JaackCamel"]
[Result "1-0"]
[WhiteElo "2656"]
[BlackElo "2231"]
[TimeControl "180+1"]
[EndTime "8:16:21 PDT"]
[Termination "Andrei_Skvortsov won on time"]

1. e4 e6 2. Nf3 d5 3. exd5 exd5 4. Bd3 c5 5. c3 Nf6 6. O-O Be7 7.
h3 O-O 8. Bc2 d4 9. d3 Nc6 10.
Nbd2 Bf5 11. Ne4 h6 12. Ng3 Bg6 13. cxd4 Nxd4 14. Nxd4 cxd4 15. Ne2 Rc8 16. Bb3 Bd6 17. Nf4 Bxf4 18. Bxf4 Nd5 19. Bd2 Qd6 20. Qf3 Rfd8 21. Rac1 Rxc1 22. Rxc1 Nb4 23. Qxb7 Nxd3 24. Rc6 Qe5 25.
Rxg6 Qf5 26. Rg3 Qxf2+ 27. Kh2 Ne5 28. Bxh6 g6 29. Qe7 1-0

[Event "Early-Titled-Tuesday-Blitz-April-16-2024"]
[Site "Chess.com"]
[Date "2024.04.16"]
[Round "2"]
[White "Stanbad1"]
[Black "DarkAlekhine"]
[Result "1-0"]
[WhiteElo "2562"]
[BlackElo "2761"]
[TimeControl "180+1"]
[EndTime "8:16:22 PDT"]
[Termination "Stanbad1 won by resignation"]

1. d4 c5 2. d5 Nf6 3. Nc3 d6 4. e4 g6 5. Nf3 Bg7 6. Bc4 O-O 7.
O-O Bg4 8. h3 Bxf3 9. Qxf3 Nbd7 10. Be2 a6 11. a4 Ne8 12. Qg3 Nc7 13. Ra3 b6 14. f4 Rb8 15. Be3 b5 16. axb5 axb5 17.
Ra7 b4 18. Nd1 Ra8 19. Rxa8 Qxa8 20. Bg4 Nb6 21. f5 Nc4 22. Bg5 Be5 23. Qb3 Na5 24. Qf3 f6 25. Bh6 Nc4 26. fxg6 hxg6 27. h4 Rf7 28.
Qh3 Rh7 29. Bc1 Qa1 30. b3 Qd4+ 31. Nf2 Nb6 32. h5 gxh5 33. Bf5 Rg7 34. Bh6 Rg3 35. Qxh5 Qc3 36. Ng4 Bd4+ 37. Kh2 Be5 38. Bf4 Bxf4 39.
Rxf4 Rxg2+ 40. Kxg2 Qxc2+ 41. Rf2 1-0

[Event "Early-Titled-Tuesday-Blitz-April-16-2024"]
[Site "Chess.com"]
[Date "2024.04.16"]
[Round "2"]
[White "cristiano78"]
[Black "NiranjanNavalgund"]
[Result "1/2-1/2"]
[WhiteElo "2252"]
[BlackElo "2493"]
[TimeControl "180+1"]
[EndTime "8:16:25 PDT"]
[Termination "Game drawn - insufficient material"]

1. d4 Nf6 2. c4 b6 3. Nf3 Bb7 4. g3 h5 5. Bg2 h4 6. Nxh4 Bxg2 7.
Nxg2 d5 8. Nc3 c6 9. cxd5 Nxd5 10. e4 Nxc3 11. bxc3 e5 12. O-O Qd7 13. h4 exd4 14.
cxd4 c5 15. dxc5 Bxc5 16. Qxd7+ Nxd7 17. Be3 Rc8 18. Rac1 Ke7 19. Nf4 Bxe3 20. Nd5+ Kd6 21. Nxe3 Ne5 22. Rfd1+ Ke6 23. Kg2 g6 24. Nd5 Ng4 25.
f3 Ne5 26. Nf4+ Ke7 27. Kf2 Rhd8 28. Rxd8 Rxc1 29. Rd2 Nc4 30. Re2 Rh1 31. Kg2 Ra1 32. Nd5+ Kd6 33. Rc2 b5 34. Kf2 a5 35. Ne3 Na3 36.
Rd2+ Ke6 37. f4 b4 38. Kf3 Nb5 39. f5+ gxf5 40. exf5+ Kf6 41. g4 Nc3 42. g5+ Ke5 43. Nc4+ Kxf5 44. Nxa5 Nxa2 45. Nb3 Rb1 46. Nd4+ Ke5 47.
Nc6+ Kf5 48. Rxa2 Rb3+ 49. Ke2 Kg4 50. Ne5+ Kxh4 51. Nxf7 Kh5 52. Ra5 Rg3 53. Kd2 Rg2+ 54. Kc1 b3 55. Kb1 Kg6 56. Nd6 Rxg5 57. Rxg5+ Kxg5 58. Kb2 Kf6 59. Ne4+ Ke5 60. Nd2 Kd4 61. Nxb3+ 1/2-1/2

[Event "Early-Titled-Tuesday-Blitz-April-16-2024"]
[Site "Chess.com"]
[Date "2024.04.16"]
[Round "2"]
[White "Ariadna_Atreides"]
[Black "whitemirrorninja"]
[Result "1-0"]
[WhiteElo "2202"]
[BlackElo "2457"]
[TimeControl "180+1"]
[EndTime "8:16:27 PDT"]
[Termination "Ariadna_Atreides won by resignation"]

1. d4 Nf6 2. Nf3 b6 3. e3 Bb7 4. Nbd2 g6 5. Bd3 Bg7 6. O-O O-O 7. b3 c5 8. Bb2 cxd4 9. exd4 d5 10. Ne5 Nc6 11.
a3 Rc8 12. Re1 e6 13. Rc1 Nd7 14. Ndf3 Re8 15. Qe2 f6 16. Nxc6 Bxc6 17. Bb5 e5 18.
Bxc6 Rxc6 19. Qb5 Rd6 20. dxe5 fxe5 21. Rcd1 e4 22. Bxg7 exf3 23. Bd4 Rxe1+ 24. Rxe1 Qg5 25. g3 Qg4 26. Qd3 Nf8 27. Re3 Ne6 28. Be5 Rc6 29.
Qxd5 Qh3 30. Rxf3 Rc5 31. Qa8+ 1-0

[Event "Early-Titled-Tuesday-Blitz-April-16-2024"]
[Site "Chess.com"]
[Date "2024.04.16"]
[Round "2"]
[White "ljuks68"]
[Black "NelsonLinda"]
[Result "1-0"]
[WhiteElo "2388"]
[BlackElo "2615"]
[TimeControl "180+1"]
[EndTime "8:16:28 PDT"]
[Termination "ljuks68 won on time"]

1. e4 c5 2. Nf3 e6 3. d4 cxd4 4. Nxd4 Nf6 5. Nc3 d6 6. Bg5 Be7 7. f4 O-O 8. Qf3 e5 9. Nf5 Bxf5 10. exf5 Nbd7 11. O-O-O Rc8 12. g4 Qa5 13. Kb1 Rfe8 14. Bxf6 Nxf6 15. g5 Nd7 16. f6 gxf6 17. Bh3 Rxc3 18.
Qxc3 Qxc3 19. bxc3 Nc5 20. gxf6 Bxf6 21. Rxd6 Ne4 22.
Rd7 exf4 23. Rf1 Bxc3 24. Rg1+ Kf8 25. Bf5 Nd2+ 26. Kc1 Re5 27. Bxh7 Ke8 28. Rc7 1-0

[Event "Early-Titled-Tuesday-Blitz-April-16-2024"]
[Site "Chess.com"]
[Date "2024.04.16"]
[Round "2"]
[White "vladgoncharov"]
[Black "vladislavkovalev"]
[Result "1-0"]
[WhiteElo "2603"]
[BlackElo "2872"]
[TimeControl "180+1"]
[EndTime "8:16:29 PDT"]
[Termination "vladgoncharov won by resignation"]

1. d4 Nf6 2. c4 e6 3. Nc3 Bb4 4. e3 O-O 5. Bd3 d5 6. Ne2 dxc4 7. Bxc4 c5 8. O-O cxd4 9. exd4 Nc6 10. Bg5 Be7 11.
a3 b6 12. Qd3 Bb7 13. Rad1 Qc7 14. Qh3 h6 15. Bf4 Qc8 16. Bxh6 gxh6 17. Rd3 Kh7 18. Rg3 Rg8 19. Bd3+ Rg6 20. Nf4 Bd6 21. Nxg6 fxg6 22. Rxg6 Ng8 23. Rxh6+ Kg7 24. Rh7+ Kf8 25. Qf3+ 1-0

[Event "Early-Titled-Tuesday-Blitz-April-16-2024"]
[Site "Chess.com"]
[Date "2024.04.16"]
[Round "2"]
[White "AryanTari"]
[Black "GMCarbone"]
[Result "1-0"]
[WhiteElo "2936"]
[BlackElo "2601"]
[TimeControl "180+1"]
[EndTime "8:16:31 PDT"]
[Termination "AryanTari won by resignation"]

1. e4 e5 2. Nf3 Nc6 3. d4 exd4 4. Nxd4 Nf6 5. Nxc6 bxc6 6. Nd2 d5 7. exd5 cxd5 8. Bb5+ Bd7 9. Bxd7+ Qxd7 10. O-O Be7 11. b3 O-O 12. Bb2 c5 13. Qf3 Rae8 14. Rad1 Bd8 15. Nc4 Qe6 16. Bxf6 dxc4 17. Bc3 cxb3 18. axb3 Bb6 19. Rfe1 Qg6 20. Rxe8 Rxe8 21. Rd3 h6 22. g3 Qe6 23. Re3 Qd7 24. Rxe8+ Qxe8 25. Qg4 f6 26.
Bxf6 Qf7 27. Bc3 c4 28. Qxc4 Bxf2+ 29. Kg2 Qxc4 30. bxc4 Bb6 31. Kf3 a5 32. Ke4 a4 33.
Kd5 Kf7 34. c5 Bc7 35. Kc6 Bb8 36. Kb7 1-0

[Event "Early-Titled-Tuesday-Blitz-April-16-2024"]
[Site "Chess.com"]
[Date "2024.04.16"]
[Round "2"]
[White "Salem-AR"]
[Black "JonasEilenberg"]
[Result "1-0"]
[WhiteElo "3028"]
[BlackElo "2619"]
[TimeControl "180+1"]
[EndTime "8:16:32 PDT"]
[Termination "Salem-AR won by resignation"]

1. d4 d5 2. Nf3 Bf5 3. e3 e6 4. c4 c6 5. Nc3 Nf6 6. Nh4 Be4 7. f3 Bg6 8. Nxg6 hxg6 9. Qb3 Qc7 10. Bd2 Nbd7 11. O-O-O O-O-O 12. Kb1 Rxh2 13. Rg1 Bd6 14. cxd5 exd5 15. e4 dxe4 16. fxe4 Bf4 17. Nb5 cxb5 18. Rc1 Nc5 19. Rxc5 Qxc5 20. dxc5 Rxd2 21. Bxb5 Be5 22. Kc1 Nxe4 23. c6 Bxb2+ 24. Qxb2 Rxb2 25. cxb7+ Kxb7 26.
Kxb2 g5 27. Bc4 Nd6 28. Bd5+ Kb6 29. Rc1 Rh6 30. Rc6+ Kb5 31. Kb3 Nb7 32. a4+ Ka5 33. Rxh6 Nc5+ 34. Kc4 gxh6 35. Kxc5 Kxa4 36. Bxf7 a5 37. g4 Ka3 38. Kb5 a4 39. Ka5 Kb2 40. Kxa4 Kc3 41. Kb5 Kd4 42. Kc6 Ke5 43. Kd7 Kf6 44. Bh5 1-0

[Event "Early-Titled-Tuesday-Blitz-April-16-2024"]
[Site "Chess.com"]
[Date "2024.04.16"]
[Round "2"]
[White "Pelusiansky"]
[Black "dealshark"]
[Result "1-0"]
[WhiteElo "2544"]
[BlackElo "2345"]
[TimeControl "180+1"]
[EndTime "8:16:32 PDT"]
[Termination "Pelusiansky won by checkmate"]

1. e4 c5 2. Nf3 Nc6 3. c3 Nf6 4. e5 Nd5 5. g3 d6 6. exd6 exd6 7. Bg2 Be7 8. O-O O-O 9. d4 Bg4 10. h3 Bh5 11. dxc5 dxc5 12. Nbd2 Re8 13. Nc4 Nf6 14.
g4 Bg6 15. Nfe5 Nxe5 16. Nxe5 Qb6 17. Nxg6 hxg6 18. Qb3 Bd6 19. Qxb6 axb6 20. Bxb7 Ra7 21. Bf3 Ne4 22. Be3 f5 23. Rfd1 Bb8 24. Bxe4 fxe4 25.
Rd5 Kf7 26. a3 Ke6 27. Rad1 Rf7 28. Kg2 Bf4 29. Bxf4 Rxf4 30. Rd6+ Ke5 31. R1d5# 1-0

[Event "Early-Titled-Tuesday-Blitz-April-16-2024"]
[Site "Chess.com"]
[Date "2024.04.16"]
[Round "2"]
[White "aa175"]
[Black "atalz0"]
[Result "0-1"]
[WhiteElo "2743"]
[BlackElo "2425"]
[TimeControl "180+1"]
[EndTime "8:16:35 PDT"]
[Termination "atalz0 won by resignation"]

1. d4 d5 2. Bf4 c5 3. e3 Nc6 4.
Nf3 Bg4 5. c3 e6 6. Qa4 Bxf3 7.
gxf3 Bd6 8. Ba6 Qa5 9. Qxa5 Nxa5 10. Bxd6 bxa6 11. Bxc5 Nb7 12. Ba3 Nf6 13. Nd2 Kd7 14. Rg1 g6 15. Ke2 Rhc8 16. Nb3 a5 17. Nc5+ Nxc5 18.
Bxc5 Kc6 19. b3 Nd7 20. Ba3 Kb5 21. Kd3 Rc6 22. Be7 Rac8 23. a4+ Kb6 24. Rgc1 e5 25.
Ba3 f5 26. Rab1 e4+ 27. fxe4 fxe4+ 28. Kd2 Rf6 29. Ke2 Ka6 30. c4 Nb6 31. cxd5 Rxc1 32. Rxc1 Nxd5 33. Rc5 Rf5 34. Ke1 Kb6 35. Rb5+ Ka6 36.
Bd6 h5 37. h4 g5 38. hxg5 Rxg5 39. Bg3 Rf5 40. Kd1 Nc3+ 41. Kd2 Nxb5 42. axb5+ Kxb5 43. Kc3 Rf8 44. d5 Rc8+ 45. Kd4 Kb4 46. d6 Kxb3 47. Bh4 Rc6 48. Kd5 Rc2 49. Bf6 Rd2+ 50. Bd4 Rxf2 51. d7 Rf8 52. Ke6 a4 53. Ke7 Rg8 54. Kf7 Ra8 55.
Ke7 a3 56. d8=Q Rxd8 57. Kxd8 a2 58. Ke7 h4 59. Ke6 h3 60. Ke5 h2 61. Kxe4 h1=Q+ 62. Ke5 Qb7 63. Kd6 a5 64. e4 Kc2 65. e5 Kb1 66. e6 a1=Q 67. Bxa1 Kxa1 68. e7 Qxe7+ 69. Kxe7 a4 70. Kd6 a3 71. Kd5 a2 72. Kc4 Kb2 0-1

[Event "Early-Titled-Tuesday-Blitz-April-16-2024"]
[Site "Chess.com"]
[Date "2024.04.16"]
[Round "2"]
[White "Gryffindorac8"]
[Black "osielchesslover2011"]
[Result "1-0"]
[WhiteElo "2446"]
[BlackElo "2075"]
[TimeControl "180+1"]
[EndTime "8:16:35 PDT"]
[Termination "Gryffindorac8 won on time"]

1. d4 Nf6 2. c4 g6 3. Nc3 Bg7 4. e4 d6 5. Nf3 O-O 6. h3 e5 7. d5 Nbd7 8. Be3 Ne8 9. g4 Nc5 10. Nd2 f5 11. gxf5 gxf5 12. h4 fxe4 13. Qc2 Nd3+ 14.
Bxd3 exd3 15. Qxd3 Bf5 16. Qe2 Nf6 17. O-O-O Qd7 18.
Rdg1 Ng4 19. Bg5 h6 20. f3 hxg5 21. fxg4 Bg6 22. hxg5 Rf4 23. Nde4 Raf8 24. Nf6+ Bxf6 25.
gxf6 R8xf6 26. Qh2 Qg7 27. g5 Rf8 28. Qe2 Rf2 29. Qg4 Rc2+ 30. Kd1 Rxb2 31. Ne4 1-0